 Dungeon Crawl Stone Soup version 0.31-a0-963-ga325b2283a (webtiles) character file.

Game seed: 15293218071478329504

91 Forgeling the Grasshopper (level 4, 0/51 HPs)
             Began as a Barachi Warper on Oct 24, 2023.
             Killed by divine providence
             ... invoked by an orc priest
              (12 damage)
             ... on level 4 of the Dungeon.
             The game lasted 00:05:40 (3083 turns).

Forgeling the Grasshopper (Barachi Warper)          Turns: 3083, Time: 00:05:41

Health: 0/51       AC: 22    Str: 13    XL:     4   Next: 59%
Magic:  15/15      EV:  2    Int: 15    God:
Gold:   129        SH:  0    Dex: 11    Spells: 0/7 levels left

rFire   . . .        a - +1 dagger (protect)
rCold   . . .        (no shield)
rNeg    . . .        k - melded +0 leather armour
rPois   +            (helmet currently unavailable)
rElec   .            g - melded +1 cloak
rCorr   .            (gloves currently unavailable)
SInv    .            (boots currently unavailable)
Will    .....        u - amulet of faith
Stlth   +            n - ring of magical power
HPRegen 0.28/turn    (no ring)
MPRegen 0.14/turn

%: faith
@: confused, tree-form, unable to hop
A: stationary, stasis, torment immunity, boosted hp, (amphibious), (slowness 1),
(strong legs 1), +LOS, low MP 1, inability to read after injury 1
a: no special abilities


You were on level 4 of the Dungeon.
You were a tree.
You visited 1 branch of the dungeon, and saw 4 of its levels.

You collected 129 gold pieces.

Inventory:

Hand Weapons
 a - a +1 dagger of protection (weapon)
 b - a +0 sling
 f - a +0 short sword
Missiles
 d - 7 darts of dispersal (quivered)
 t - 12 poisoned darts
Armour
 g - a +1 cloak (melded)
 k - a +0 leather armour (melded)
Jewellery
 i - a ring of ice
 n - a ring of magical power (left branch)
 u - an amulet of faith (around neck)
Scrolls
 c - 2 scrolls of fear {unknown}
 h - a scroll of enchant armour
 m - 2 scrolls of teleportation {unknown}
 D - a scroll of blinking
Potions
 j - a potion of might {unknown}
 l - a potion of attraction {unknown}
 o - a potion of heal wounds {unknown}
 p - a potion of brilliance {unknown}
 q - a potion of curing {unknown}
 s - 2 potions of haste {unknown}
 v - a potion of ambrosia {unknown}
 U - a potion of mutation
 W - 2 potions of lignification


   Skills:
 - Level 2.4 Fighting
 - Level 4.0 Short Blades
 - Level 1.0 Throwing
 - Level 1.2 Armour
 - Level 2.1 Dodging
 - Level 2.1 Spellcasting
 + Level 4.6 Translocations


You couldn't memorise any spells.
You knew the following spells:

 Your Spells              Type           Power      Damage    Failure   Level
h - Teleport Other        Tloc           15%        N/A       10%         3
p - Lesser Beckoning      Tloc           30%        N/A       4%          2
B - Blink                 Tloc           30%        N/A       4%          2

Your spell library contained the following spells:

 Spells                   Type           Power      Damage    Failure   Level
 Manifold Assault         Tloc           15%        N/A       32%         4
 Vhi's Electric Charge    Tloc/Air       16%        N/A       63%         4


Dungeon Overview and Level Annotations

Branches:
Dungeon (4/15)
 Temple: D:4-7

Altars:

Annotations:
D:3 1 runed translucent door, Crazy Yiuf


Innate Abilities, Weirdness & Mutations

You are a tree.
Your roots penetrate the ground, keeping you stationary.
You cannot be teleported.
You are immune to unholy pain and torment.
Your maximum health is greatly increased.
Your equipment is partially melded.
((You are amphibious.))
((You cover ground slowly.))
((You can hop short distances.))
You have an extended range of vision and can be seen from far away.
Your magical capacity is low. (-10% MP)
You occasionally lose the ability to read scrolls when taking damage.


Message History

There is a stone staircase leading down here.
You climb downwards.
There is a stone staircase leading up here.
v - a clear potion An orc wizard and 2 orc priests come into view.
The orc priest shouts!
The orc wizard shouts!
The orc priest shouts!
An orc wizard comes into view. It is wielding a +0 dagger.
The orc wizard moves out of view.
Hop to where?
Press: ? - help, Dir - move target Boing!
Unknown command.
The orc wizard mumbles some strange words.
The orc wizard flickers and vanishes!
Deactivating autopickup; reactivate with Ctrl-A.
A magic dart appears from out of thin air!
The magic dart hits you!
You are confused.
You bump into the rock wall.
A puff of flame appears from out of thin air!
You are more confused.
A magic dart appears from out of thin air!
The magic dart hits you!
You bump into the rock wall.
The orc priest calls down the wrath of Beogh upon you.
Beogh smites you!
* * * LOW HITPOINT WARNING * * *
It was a potion of lignification.
You turn into a tree.
Your +1 cloak melds into your body.
Your +0 leather armour melds into your body.
Your roots penetrate the ground.
W - 2 potions of lignification It was a potion of mutation.
You feel extremely strange.
You occasionally lose the ability to read scrolls when taking damage.
You feel less energetic.
U - a potion of mutation A magic dart appears from out of thin air!
The orc priest mumbles some strange prayers to Beogh against you.
Beogh smites you!
You die...

###.# #...#
######### #.#.#
#......<# #.#.#
#.####### #.#.# #.#
#.#.# #.# #.#.#
#.#############.#.#
#.♣..{.o.......(..#
###############....
###.# ###


You could see an orc priest.

Vanquished Creatures
  An adder (D:2)
  2 worms (D:2)
  A dart slug (D:1)
  7 endoplasms
  2 giant cockroaches
  12 goblins
  6 hobgoblins
  4 jackals (D:2)
  2 quokkas (D:1)
  6 ball pythons
  8 bats
  2 frilled lizards
  8 kobolds
  8 rats
69 creatures vanquished.

Notes
Turn   | Place    | Note
-------+----------+-------------------------------------------
     0 | D:1      | Forgeling the Barachi Warper began the quest for the Orb.
     0 | D:1      | Reached XP level 1. HP: 17/17 MP: 3/3
   242 | D:1      | Reached XP level 2. HP: 23/23 MP: 5/5
   271 | D:1      | Learned a level 2 spell: Blink
   539 | D:1      | Reached XP level 3. HP: 26/28 MP: 6/6
  1370 | D:2      | Reached XP level 4. HP: 33/34 MP: 7/7
  1415 | D:2      | Found the +5 Force Lance {heavy, knockback}
  1458 | D:2      | Learned a level 2 spell: Lesser Beckoning
  2209 | D:3      | Learned a level 3 spell: Teleport Other
  2980 | D:3      | Found a runed translucent door.
  2981 | D:3      | Noticed Crazy Yiuf
  3015 | D:4      | Identified the "Ajuoriw"
  3083 | D:4      | Gained mutation: You occasionally lose the ability to read
                  | scrolls when taking damage. [potion of mutation]
  3083 | D:4      | Gained mutation: Your magical capacity is low. (-10% MP)
                  | [potion of mutation]
  3083 | D:4      | Killed from afar by an orc priest

Illustrated notes

Levels and vault maps discovered:
D:1:      minmay_arrival_three_doors, layout_basic
D:2:      layout_loops_ring
D:3:      layout_loops_corners, chequers_serial_rivers_micro_d,
          uniq_crazy_yiuf_cottage
D:4:      minmay_chambers_of_fours, layout_basic,
          nicolae_overflow_two_pavilions, amcnicky_altar_gilded,
          ebering_ghost_sewer_d, uniq_grinder

Skill      XL: |  1  2  3 |
---------------+----------+-----
Short Blades   | 3 4 |  4.0
Translocations | 4 |  4.6
Fighting       | |  2.4
Throwing       | |  1.0
Armour         | |  1.2
Dodging        | |  2.1
Spellcasting   | |  2.1

Action                     |  1- 3 |  4- 6 || total
---------------------------+-------+-------++-------
  Melee: Short sword       |    40 |       ||    40
         Punch             |     2 |     1 ||     3
         Dagger            |   137 |   136 ||   273
   Fire: Sling             |    22 |       ||    22
Ability: Hop               |     1 |     1 ||     2
    Use: Potion            |       |     2 ||     2
         Scroll            |       |     1 ||     1
 Armour: Leather armour    |    87 |    58 ||   145
         Skin              |       |     1 ||     1
  Dodge: Dodged            |    92 |    64 ||   156

Table legend: (Time is in decaauts)
 A = Elapsed time spent in this place.
 B = Non-inter-level travel time spent in this place.
 C = Inter-level travel time spent in this place.
 D = Time resting spent in this place.
 E = Time spent auto-exploring this place.
 F = Levels seen in this place.
 G = Mean time per level.
                   A        B        C        D        E       F      G
               +--------+--------+--------+--------+--------+-----+--------+
         Total |   3502 |   3274 |    228 |      0 |   2638 |   4 |  875.5 |
       Dungeon |   3502 |   3274 |    228 |      0 |   2638 |   4 |  875.5 |
               +--------+--------+--------+--------+--------+-----+--------+

Top non-repeatable levels by time:
     D:1: 1221 daAuts
     D:3: 1160 daAuts
     D:2: 1041 daAuts
     D:4: 80 daAuts
